TOP OF THE 1ST |
Boston College Eagles batting - Pitching for Michigan Wolverines : RHP John Foster
|
Pitching: RHP John Foster
|
|
Batting: RHB Kane Cooper
|
0-0: Called Strike 0-1: Ball 1-1: Foul Ball, location: 2F 1-2: Ball 2-2: Foul Ball, location: 2F 2-2: Ball 3-2: Fly out, F8 (Line Drive, 8LM)
|
Batting: SHB Felipe Castro
|
0-0: Ball 1-0: Ball 2-0: Ground out 1-3 (Groundball, 23)
|
Batting: LHB Dave Cook
|
0-0: Ball 1-0: Foul Ball, location: 2F 1-1: Called Strike 1-2: Ball 2-2: Ball 3-2: Base on Balls
|
Batting: RHB Vernon Sterling
|
0-0: Fly out, F8 (Flyball, 8LD)
|
Top of the 1st over - 0 run(s), 0 hit(s), 0 error(s), 1 left on base; Boston College 0 - Michigan 0 |
BOTTOM OF THE 1ST |
Michigan Wolverines batting - Pitching for Boston College Eagles : LHP Desi Wells
|
Pitching: LHP Desi Wells
|
|
Batting: RHB Scott Walker
|
0-0: Ball 1-0: Fly out, F8 (Flyball, 8RM)
|
Batting: RHB Mario Silva
|
0-0: Ball 1-0: Hit by Pitch
|
Batting: RHB Patrick Potts
|
0-0: Ball 1-0: Ball 2-0: Ball 3-0: Base on Balls Mario Silva to second
|
Batting: SHB Mike Howard
|
0-0: Ball 1-0: Grounds into double play, 4-6-3 (Groundball, 4)
|
Bottom of the 1st over - 0 run(s), 0 hit(s), 0 error(s), 1 left on base; Boston College 0 - Michigan 0 |
TOP OF THE 2ND |
Boston College Eagles batting - Pitching for Michigan Wolverines : RHP John Foster
|
Batting: RHB Mike Martin
|
0-0: Swinging Strike 0-1: Called Strike 0-2: Ball 1-2: Strikes out swinging
|
Batting: RHB Bobby Porter
|
0-0: Ball 1-0: Ball 2-0: Called Strike 2-1: Ground out 4-3 (Groundball, 4)
|
Batting: RHB Emory Brooks
|
0-0: Called Strike 0-1: Called Strike 0-2: Foul Ball, location: 2F 0-2: Fly out, F6 (Popup, 6MD)
|
Top of the 2nd over - 0 run(s), 0 hit(s), 0 error(s), 0 left on base; Boston College 0 - Michigan 0 |
BOTTOM OF THE 2ND |
Michigan Wolverines batting - Pitching for Boston College Eagles : LHP Desi Wells
|
Batting: SHB Rafael Acosta
|
0-0: Ball 1-0: Ball 2-0: Ground out 6-3 (Groundball, 6)
|
Batting: LHB Christian Peterson
|
0-0: Ground out 4-3 (Groundball, 4)
|
Batting: SHB Denver Harmon
|
0-0: Foul Ball, location: 2F 0-1: Foul Ball, location: 2F 0-2: Foul Ball, location: 2F 0-2: Ball 1-2: Ball 2-2: Ball 3-2: Strikes out swinging
|
Bottom of the 2nd over - 0 run(s), 0 hit(s), 0 error(s), 0 left on base; Boston College 0 - Michigan 0 |
TOP OF THE 3RD |
Boston College Eagles batting - Pitching for Michigan Wolverines : RHP John Foster
|
Batting: RHB Wade Ayers
|
0-0: Ball 1-0: Called Strike 1-1: Swinging Strike 1-2: Hit by Pitch
|
Batting: RHB Will Stafford
|
0-0: Called Strike 0-1: Grounds into double play, 5-4-3 (Groundball, 56)
|
Batting: RHB Kane Cooper
|
0-0: Foul Ball, location: 2F 0-1: Ball 1-1: Ball 2-1: SINGLE (Groundball, 34D)
|
Batting: SHB Felipe Castro
|
0-0: Ball Kane Cooper steals 2nd base 1-0: SINGLE (Line Drive, 4MD) Kane Cooper to third Runner from 3rd tries for Home, SAFE, no throw or cutoff
|
Batting: LHB Dave Cook
|
0-0: SINGLE (Groundball, 6MD) Felipe Castro to second
|
Batting: RHB Vernon Sterling
|
0-0: Foul Ball, location: 2F 0-1: Fly out, F6 (Popup, 56)
|
Top of the 3rd over - 1 run(s), 3 hit(s), 0 error(s), 2 left on base; Boston College 1 - Michigan 0 |
BOTTOM OF THE 3RD |
Michigan Wolverines batting - Pitching for Boston College Eagles : LHP Desi Wells
|
Batting: LHB George Flanagan
|
0-0: Foul Ball, location: 2F 0-1: Swinging Strike 0-2: Strikes out swinging
|
Batting: RHB Ray Robertson
|
0-0: Called Strike 0-1: Foul Ball, location: 2F 0-2: Ball 1-2: Strikes out swinging
|
Batting: RHB Scott Walker
|
0-0: Called Strike 0-1: Swinging Strike 0-2: Ball 1-2: Foul Ball, location: 2F 1-2: Ground out 1-3 (Groundball, 15)
|
Bottom of the 3rd over - 0 run(s), 0 hit(s), 0 error(s), 0 left on base; Boston College 1 - Michigan 0 |
TOP OF THE 4TH |
Boston College Eagles batting - Pitching for Michigan Wolverines : RHP John Foster
|
Batting: RHB Mike Martin
|
0-0: Called Strike 0-1: Ball 1-1: Called Strike 1-2: Foul Ball, location: 2F 1-2: DOUBLE (Line Drive, 56D)
|
Batting: RHB Bobby Porter
|
0-0: Ground out 6-3 (Groundball, 6)
|
Batting: RHB Emory Brooks
|
0-0: Foul Ball, location: 2F 0-1: Called Strike 0-2: Ball 1-2: Ball 2-2: Ground out 5-3 (Groundball, 5S) Mike Martin to third
|
Batting: RHB Wade Ayers
|
0-0: Ball 1-0: Called Strike 1-1: Ball 2-1: Fly out, F9 (Line Drive, 9S)
|
Top of the 4th over - 0 run(s), 1 hit(s), 0 error(s), 1 left on base; Boston College 1 - Michigan 0 |
BOTTOM OF THE 4TH |
Michigan Wolverines batting - Pitching for Boston College Eagles : LHP Desi Wells
|
Batting: RHB Mario Silva
|
0-0: Foul Ball, location: 2F 0-1: Ball 1-1: Ball 2-1: Called Strike 2-2: Foul Ball, location: 2F 2-2: Ground out 5-3 (Groundball, 56)
|
Batting: RHB Patrick Potts
|
0-0: Called Strike 0-1: Called Strike 0-2: Fly out, F3 (Line Drive, 34S)
|
Batting: SHB Mike Howard
|
0-0: Called Strike 0-1: Called Strike 0-2: Ball 1-2: Ball 2-2: Strikes out looking
|
Bottom of the 4th over - 0 run(s), 0 hit(s), 0 error(s), 0 left on base; Boston College 1 - Michigan 0 |
TOP OF THE 5TH |
Boston College Eagles batting - Pitching for Michigan Wolverines : RHP John Foster
|
Batting: RHB Will Stafford
|
0-0: Fly out, F3 (Popup, 3F)
|
Batting: RHB Kane Cooper
|
0-0: Ground out 5-3 (Groundball, 5S)
|
Batting: SHB Felipe Castro
|
0-0: Called Strike 0-1: Ball 1-1: Ball 2-1: Foul Ball, location: 2F 2-2: Ball 3-2: Base on Balls
|
Batting: LHB Dave Cook
|
0-0: Called Strike 0-1: Ball 1-1: Ball 2-1: Foul Ball, location: 2F 2-2: Strikes out looking
|
Top of the 5th over - 0 run(s), 0 hit(s), 0 error(s), 1 left on base; Boston College 1 - Michigan 0 |
BOTTOM OF THE 5TH |
Michigan Wolverines batting - Pitching for Boston College Eagles : LHP Desi Wells
|
Batting: SHB Rafael Acosta
|
0-0: Swinging Strike 0-1: Ball 1-1: Ball 2-1: Ball 3-1: Base on Balls
|
Batting: LHB Christian Peterson
|
0-0: Ball 1-0: Ball 2-0: Foul Ball, location: 2F 2-1: Fly out, F8 (Flyball, 8LM)
|
Batting: SHB Denver Harmon
|
0-0: Ball 1-0: Swinging Strike 1-1: Swinging Strike 1-2: Ball 2-2: Ball 3-2: Foul Ball, location: 2F 3-2: Strikes out swinging
|
Batting: LHB George Flanagan
|
0-0: Ball Rafael Acosta is caught stealing 2nd base
|
Bottom of the 5th over - 0 run(s), 0 hit(s), 0 error(s), 0 left on base; Boston College 1 - Michigan 0 |
TOP OF THE 6TH |
Boston College Eagles batting - Pitching for Michigan Wolverines : RHP John Foster
|
Batting: RHB Vernon Sterling
|
0-0: Ball 1-0: Swinging Strike 1-1: Foul Ball, location: 2F 1-2: Strikes out swinging
|
Batting: RHB Mike Martin
|
0-0: Fly out, F8 (Flyball, 8RS)
|
Batting: RHB Bobby Porter
|
0-0: Called Strike 0-1: Ball 1-1: Ball 2-1: Foul Ball, location: 2F 2-2: Ball 3-2: Strikes out swinging
|
Top of the 6th over - 0 run(s), 0 hit(s), 0 error(s), 0 left on base; Boston College 1 - Michigan 0 |
BOTTOM OF THE 6TH |
Michigan Wolverines batting - Pitching for Boston College Eagles : LHP Desi Wells
|
Batting: LHB George Flanagan
|
0-0: Hit by Pitch
|
Batting: RHB Ray Robertson
|
0-0: Ball 1-0: SINGLE (Line Drive, 8LS) George Flanagan to second
|
Batting: RHB Scott Walker
|
0-0: Foul Ball, location: 2F 0-1: Grounds into double play, 6-4-3 (Groundball, 6) George Flanagan to third
|
Batting: RHB Mario Silva
|
0-0: Ball 1-0: Ball 2-0: SINGLE (Flyball, 7LS) George Flanagan scores
|
Batting: RHB Patrick Potts
|
0-0: Ball 1-0: Foul Ball, location: 2F 1-1: Ball 2-1: Ball 3-1: Foul Ball, location: 2F 3-2: Fly out, F8 (Flyball, 8RM)
|
Bottom of the 6th over - 1 run(s), 2 hit(s), 0 error(s), 1 left on base; Boston College 1 - Michigan 1 |
TOP OF THE 7TH |
Boston College Eagles batting - Pitching for Michigan Wolverines : RHP John Foster
|
Pitching: RHP Vince Conklin
|
|
Batting: RHB Emory Brooks
|
0-0: Called Strike 0-1: SINGLE (Groundball, 5D)
|
Batting: RHB Wade Ayers
|
0-0: Fly out, F8 (Line Drive, 8RM)
|
Batting: RHB Will Stafford
|
0-0: Called Strike 0-1: Swinging Strike 0-2: Foul Ball, location: 2F 0-2: Ball 1-2: Strikes out swinging
|
Batting: RHB Kane Cooper
|
0-0: Foul Ball, location: 2F 0-1: Ball 1-1: SINGLE (Line Drive, 4MD) Emory Brooks to second
|
Batting: SHB Felipe Castro
|
0-0: Ball 1-0: Ground out U3 (Groundball, 3S)
|
Top of the 7th over - 0 run(s), 2 hit(s), 0 error(s), 2 left on base; Boston College 1 - Michigan 1 |
BOTTOM OF THE 7TH |
Michigan Wolverines batting - Pitching for Boston College Eagles : LHP Desi Wells
|
Pinch Hitting: RHB Vincente León
|
0-0: Called Strike 0-1: SINGLE (Line Drive, 8LS)
|
Pitching: LHP Francisco Rodríguez
|
|
Batting: SHB Rafael Acosta
|
0-0: Called Strike 0-1: Swinging Strike 0-2: Ball 1-2: Strikes out swinging
|
Pinch Hitting: RHB Buck Charles
|
0-0: Ball 1-0: Foul Ball, location: 2F 1-1: Called Strike 1-2: Grounds into double play, 6-4-3 (Groundball, 6)
|
Bottom of the 7th over - 0 run(s), 1 hit(s), 0 error(s), 0 left on base; Boston College 1 - Michigan 1 |
TOP OF THE 8TH |
Boston College Eagles batting - Pitching for Michigan Wolverines : RHP Vince Conklin
|
Now in LF: Vincente León
|
|
Now in RF: Juan Cruz
|
|
Batting: LHB Dave Cook
|
0-0: Ball 1-0: Ball 2-0: Ball 3-0: Called Strike 3-1: Foul Ball, location: 2F 3-2: Foul Ball, location: 2F 3-2: Foul Ball, location: 2F 3-2: Foul Ball, location: 2F 3-2: Base on Balls
|
Batting: RHB Vernon Sterling
|
0-0: Fielders Choice at 2nd, 6-4 (Groundball, 6)
|
Batting: RHB Mike Martin
|
0-0: Fly out, F2 (Popup, 2RF)
|
Batting: RHB Bobby Porter
|
0-0: Swinging Strike 0-1: Swinging Strike 0-2: Ball 1-2: Strikes out swinging
|
Top of the 8th over - 0 run(s), 0 hit(s), 0 error(s), 1 left on base; Boston College 1 - Michigan 1 |
BOTTOM OF THE 8TH |
Michigan Wolverines batting - Pitching for Boston College Eagles : LHP Francisco Rodríguez
|
Batting: SHB Denver Harmon
|
0-0: Ball 1-0: Ball 2-0: Fly out, F9 (Flyball, 9M)
|
Batting: LHB George Flanagan
|
0-0: Ball 1-0: Fly out, F5 (Popup, 5L)
|
Batting: RHB Ray Robertson
|
0-0: Fly out, F9 (Flyball, 89M)
|
Bottom of the 8th over - 0 run(s), 0 hit(s), 0 error(s), 0 left on base; Boston College 1 - Michigan 1 |
TOP OF THE 9TH |
Boston College Eagles batting - Pitching for Michigan Wolverines : RHP Vince Conklin
|
Pitching: RHP Guillermo Beltrán
|
|
Batting: RHB Emory Brooks
|
0-0: Swinging Strike 0-1: Ball 1-1: Ball 2-1: Swinging Strike 2-2: Ground out 6-3 (Groundball, 6)
|
Pinch Hitting: RHB Bob Reid
|
0-0: Ball 1-0: Ground out 6-3 (Groundball, 6MS)
|
Batting: RHB Will Stafford
|
0-0: Called Strike 0-1: Ball 1-1: Ball 2-1: Foul Ball, location: 2F 2-2: Ground out 5-3 (Groundball, 56)
|
Top of the 9th over - 0 run(s), 0 hit(s), 0 error(s), 0 left on base; Boston College 1 - Michigan 1 |
BOTTOM OF THE 9TH |
Michigan Wolverines batting - Pitching for Boston College Eagles : LHP Francisco Rodríguez
|
Pitching: RHP Peter Turner
|
|
Now in CF: Ambrose Brown
|
|
Batting: RHB Scott Walker
|
0-0: Fly out, F8 (Flyball, 89M)
|
Batting: RHB Mario Silva
|
0-0: Called Strike 0-1: Called Strike 0-2: Fly out, F8 (Flyball, 8LS)
|
Batting: RHB Patrick Potts
|
0-0: Fly out, F8 (Flyball, 8RM)
|
Bottom of the 9th over - 0 run(s), 0 hit(s), 0 error(s), 0 left on base; Boston College 1 - Michigan 1 |
TOP OF THE 10TH |
Boston College Eagles batting - Pitching for Michigan Wolverines : RHP Guillermo Beltrán
|
Batting: RHB Kane Cooper
|
0-0: Ball 1-0: Called Strike 1-1: Foul Ball, location: 2F 1-2: Ball 2-2: Fly out, F3 (Popup, 3SF)
|
Batting: SHB Felipe Castro
|
0-0: Foul Ball, location: 2F 0-1: Ball 1-1: SINGLE (Line Drive, 8RS)
|
Batting: LHB Dave Cook
|
0-0: Ball 1-0: Called Strike 1-1: Foul Ball, location: 2F 1-2: Ball 2-2: Foul Ball, location: 2F 2-2: Ball 3-2: Ground out 3-1 (Groundball, 34S) Felipe Castro to second
|
Batting: RHB Vernon Sterling
|
0-0: Called Strike 0-1: Ball 1-1: Swinging Strike 1-2: Ball 2-2: SINGLE (Groundball, 34D) Felipe Castro to third Runner from 3rd tries for Home, SAFE, no throw or cutoff
|
Batting: RHB Mike Martin
|
0-0: Ball 1-0: Ball 2-0: Called Strike 2-1: Ball 3-1: Called Strike 3-2: Foul Ball, location: 2F 3-2: Foul Ball, location: 2F 3-2: Base on Balls Vernon Sterling to second
|
Batting: RHB Bobby Porter
|
0-0: SINGLE (Groundball, 56D) Vernon Sterling to third Mike Martin to second Runner from 3rd tries for Home, SAFE, no throw or cutoff
|
Batting: RHB Emory Brooks
|
0-0: Ground out 1-3 (Groundball, 15)
|
Top of the 10th over - 2 run(s), 3 hit(s), 0 error(s), 2 left on base; Boston College 3 - Michigan 1 |
BOTTOM OF THE 10TH |
Michigan Wolverines batting - Pitching for Boston College Eagles : RHP Peter Turner
|
Batting: RHB Vincente León
|
0-0: Foul Ball, location: 2F 0-1: Called Strike 0-2: Ball 1-2: Fly out, F9 (Flyball, 9M)
|
Batting: SHB Rafael Acosta
|
0-0: Ball 1-0: Ball 2-0: Called Strike 2-1: SOLO HOME RUN (Flyball, 9LD), Distance : 318 ft
|
Batting: SHB Juan Cruz
|
0-0: Swinging Strike 0-1: Foul Ball, location: 2F 0-2: Strikes out looking
|
Batting: SHB Denver Harmon
|
0-0: Ball 1-0: Ball 2-0: Foul Ball, location: 2F 2-1: Foul Ball, location: 2F 2-2: Strikes out looking
|
Bottom of the 10th over - 1 run(s), 1 hit(s), 0 error(s), 0 left on base; Boston College 3 - Michigan 2 |
|